 Dungeon Crawl Stone Soup version 0.31.0-11-ge490571c62 (webtiles) character file.

Game seed: 157406309750175617

79 qw the Shooter (level 4, -8/25 HPs)
             Began as a Deep Elf Hunter on Feb 3, 2024.
             Killed from afar by Sigmund (12 damage)
             ... with a puff of flame
             ... on level 2 of the Dungeon.
             The game lasted 00:00:31 (1246 turns).

qw the Shooter (Deep Elf Hunter)                    Turns: 1246, Time: 00:00:31

Health: -8/25      AC:  5    Str: 16    XL:     4   Next: 16%
Magic:  6/6        EV: 12    Int: 14    God:
Gold:   32         SH:  0    Dex: 24    Spells: 3/3 levels left

rFire   . . .        a - +0 shortbow
rCold   . . .        (shield currently unavailable)
rNeg    . . .        d - +0 ring mail
rPois   .            (no helmet)
rElec   .            (no cloak)
rCorr   .            (no gloves)
SInv    .            (no boots)
Will    .....        (no amulet) Stlth
                     h - +6 ring of strength
HPRegen 0.24/turn    k - +6 ring of dexterity
MPRegen 0.10/turn

%: no passive effects
@: confused
A: no striking features
a: no special abilities


You were on level 2 of the Dungeon.
You visited 1 branch of the dungeon, and saw 2 of its levels.

You collected 52 gold pieces.
You spent 20 gold pieces at shops.


   Skills:
 - Level 1.5 Fighting
 + Level 7.3 Ranged Weapons
 - Level 3.0 Dodging
 - Level 1.2 Stealth


You had 3 spell levels left.
You didn't know any spells.
Your spell library was empty.

Inventory:

Hand Weapons
 a - a +0 shortbow (weapon)
Armour
 d - a +0 ring mail (worn)
Jewellery
 e - a ring of ice
 h - a +6 ring of strength (left hand)
 i - a ring of wizardry
 k - a +6 ring of dexterity (right hand)
Wands
 j - a wand of flame (4)
Scrolls
 b - a scroll of fear {unknown}
 g - a scroll of revelation {unknown}
Potions
 c - a potion of lignification {unknown}
 f - 2 potions of heal wounds
 l - a potion of magic {unknown}

Dungeon Overview and Level Annotations

Branches:
Dungeon (2/15)

Altars:
Xom

Shops:
D:1 *

Annotations:
D:2 Sigmund


Message History

You shoot an arrow. The arrow hits the adder.
The adder hisses angrily.
The adder is heavily wounded.
You shoot an arrow. The arrow hits the adder!
You kill the adder!
Sigmund the Dreaded comes into view.
He is wielding a +0 scythe and wearing a +1 robe of willpower.
There is an open door, spattered with blood here.
You shoot an arrow.
The arrow hits Sigmund but does no damage.
Sigmund shouts!
You shoot an arrow. The arrow hits Sigmund.
Sigmund is lightly wounded.
Sigmund gestures wildly while chanting.
Sigmund flickers and vanishes!
Deactivating autopickup; reactivate with Ctrl-A.
You shoot an arrow. You shoot an arrow. You shoot an arrow. You shoot an arrow.
Something hits you!
You shoot an arrow. Something hits you but does no damage.
You shoot an arrow. You shoot an arrow. Something hits you!
You shoot an arrow. Something hits you.
You shoot an arrow.
You hear some strange, mumbled words.
You are confused.
You shoot an arrow.
You hear some strange, mumbled words.
You are more confused.
You shoot an arrow. Something hits you but does no damage.
You shoot an arrow.
You hear some strange, mumbled words.
A puff of flame appears from out of thin air!
The puff of flame hits you!
You die...

#....#.##......)......#.##..#
#.#.......###...........##..#
..#...)######...............#####
#.# .......).....................
#.# ##############.#.##.###.#####
#.##### #.#.##.###.#
#.#...############.#.##.....#####
......'..........#.#.##.........#
#.....##########@#.#.##.........#
#.....# #.......#.#..........'
#...########....{..#.#..........#
#.#..###...#.......#.#..........#
#'#....#...#.......# #..........#
.......#...#........ #..........#
.....(.....#......####..........#
......##...#......# #..........#
....<.##..## ... #...|......#


There were no monsters in sight!

Vanquished Creatures
  3 adders (D:2)
  A dart slug (D:1)
  A ribbon worm (D:2)
  3 ball pythons (D:1)
  A bat (D:2)
  4 endoplasms
  2 giant cockroaches
  3 hobgoblins
  3 jackals (D:1)
  A quokka (D:1)
  A frilled lizard (D:1)
  9 goblins
  7 kobolds
  4 rats
43 creatures vanquished.

Notes
Turn   | Place    | Note
-------+----------+-------------------------------------------
     0 | D:1      | qw the Deep Elf Hunter began the quest for the Orb.
     0 | D:1      | Reached XP level 1. HP: 12/12 MP: 3/3
     0 | D:1      | 0 ||| qw: Version: 0.3-a-155-g5e7d8dd
     0 | D:1      | 0 ||| qw: Game counter: 3097
     0 | D:1      | 0 ||| qw: Melee chars always use a shield: true
     0 | D:1      | 0 ||| qw: God list: Okawaru
     0 | D:1      | 0 ||| qw: Allow faded altars: false
     0 | D:1      | 0 ||| qw: Do Orc after clearing Dungeon:15 true
     0 | D:1      | 0 ||| qw: Do second Lair branch before Depths: true
     0 | D:1      | 0 ||| qw: Lair rune preference: random
     0 | D:1      | 0 ||| qw: Goals: Normal
     0 | D:1      | 0 ||| PLANNING D:1-11
    92 | D:1      | Reached XP level 2. HP: 16/16 MP: 4/4
   106 | D:1      | Reached skill level 6 in Ranged Weapons
   357 | D:1      | Reached XP level 3. HP: 15/20 MP: 5/5
   423 | D:1      | Found Bun Xinee's Assorted Antiques.
   427 | D:1      | 427 ||| BUYING glowing green potion (20 gold).
   427 | D:1      | Bought a glowing green potion for 20 gold pieces
   427 | D:1      | 427 ||| SHOPLISTING ruby potion (20 gold, have 14).
   427 | D:1      | 427 ||| SHOPLISTING scroll labelled ORUHIQE SEDGHAM (23
                  | gold, have 14).
   427 | D:1      | 427 ||| SHOPLISTING scroll labelled XOGOES INWASYR (23
                  | gold, have 14).
   599 | D:1      | 599 ||| UPGRADING to +0 ring mail.
   609 | D:1      | 609 ||| DROPPING +0 leather armour.
   610 | D:1      | 610 ||| UPGRADING to +6 ring of strength.
   611 | D:1      | 611 ||| UPGRADING to +6 ring of dexterity.
   612 | D:1      | 612 ||| READING scroll labelled XYNNYF XUT HUKH.
   613 | D:1      | 613 ||| READING scroll labelled APLENI UREFUA.
   614 | D:1      | 614 ||| READING scroll labelled XOGOES INWASYR.
   614 | D:1      | 614 ||| IDENTIFYING amethyst potion
   615 | D:1      | 615 ||| READING scroll labelled YCWIMIASIE.
   620 | D:1      | 620 ||| DROPPING scroll of butterflies.
   701 | D:2      | Reached skill level 7 in Ranged Weapons
   710 | D:2      | Found a shimmering altar of Xom.
   809 | D:2      | HP: 5/20 [poisoned by an adder]
   907 | D:2      | Reached skill level 3 in Dodging
  1154 | D:2      | Reached XP level 4. HP: 25/25 MP: 6/6
  1232 | D:2      | Noticed Sigmund
  1241 | D:2      | HP: 5/25 [something (11)]
  1246 | D:2      | Killed from afar by Sigmund

Levels and vault maps discovered:
D:1:      psy_arrival_terrarium, layout_rooms, serial_shops,
          nicolae_shop_pleasant_corner_grove, minmay_misc_feat_rows
D:2:      minmay_spotlight, layout_basic, basic_altar, uniq_sigmund

Skill      XL: |  1  2  3 |
---------------+----------+-----
Ranged Weapons | 6 7 |  7.3
Dodging        | 3 |  3.0
Fighting       | |  1.5
Stealth        | |  1.2

Action                     |  1- 3 |  4- 6 || total
---------------------------+-------+-------++-------
   Fire: Shortbow          |   129 |    22 ||   151
    Use: Scroll            |     4 |       ||     4
 Armour: Leather armour    |    26 |       ||    26
         Ring mail         |     9 |     6 ||    15
  Dodge: Dodged            |    43 |     1 ||    44

Table legend:
 A = Non-vault XP
 B = Vault XP
 C = Vault XP percentage of total XP
 D = Non-vault monster count
 E = Vault monster count
 F = Vault count percentage of total count
                 A         B        C        D         E       F
            +---------+---------+-------+---------+---------+-------
      Total |     106 |       7 |   6.2 |      39 |       4 |   9.3
            +---------+---------+-------+---------+---------+-------
        D:1 |      47 |       0 |   0.0 |      27 |       0 |   0.0
        D:2 |      59 |       7 |  10.6 |      12 |       4 |  25.0
            +---------+---------+-------+---------+---------+-------
